 Dungeon Crawl Stone Soup version 0.29.0-4-gdea44cf6ec (webtiles) character file.

Game seed: 12255913453132302977

22024 qw the Cleaver (level 12, -1/80 HPs)
             Began as a Gargoyle Berserker on Sept 5, 2022.
             Was an Elder of Trog.
             Slain by a black mamba (11 damage)
             ... on level 4 of the Lair of Beasts.
             The game lasted 00:05:17 (16650 turns).

qw the Cleaver (Gargoyle Berserker)                Turns: 16650, Time: 00:05:18

Health: -1/80      AC: 32    Str: 26    XL:     12   Next: 96%
Magic:  12/12      EV: 12    Int:  8    God:    Trog [****..]
Gold:   774        SH:  0    Dex:  9    Spells: 11/11 levels left

rFire   + . .      SeeInvis .   Y - +1 war axe (freeze)
rCold   . . .      Faith    .   (no shield)
rNeg    + . .      Spirit   .   t - +0 plate armour
rPois   inf        Reflect  .   v - +2 hat {Will+}
rElec   +          Harm     .   c - +2 cloak
rCorr   .          Rampage  .   r - +2 pair of gloves
Will    +....                   (no boots)
Stlth   ..........              n - amulet of the acrobat
HPRegen 0.23/turn               e - ring of protection from fire
MPRegen 0.13/turn               l - +4 ring of evasion

@: about to teleport, marked, on berserk cooldown, slowed, very slow
A: sickness immunity, AC +8, negative energy resistance 1, electricity
resistance, torment resistance 1, petrification resistance
a: Renounce Religion, Berserk, Trog's Hand, Brothers in Arms


You were on level 4 of the Lair of Beasts.
You worshipped Trog.
Trog was greatly pleased with you.
You visited 2 branches of the dungeon, and saw 13 of its levels.

You collected 774 gold pieces.


Innate Abilities, Weirdness & Mutations

You are immune to sickness and miasma.
Your stone body is resilient. (AC +8)
You are immune to poison.
You resist negative energy. (rN+)
You are resistant to electric shocks. (rElec)
You are resistant to unholy torment.
You are immune to petrification.


   Skills:
 - Level 11.3 Fighting
 + Level 14.7 Axes
 - Level 4.3 Throwing
 - Level 10.0 Armour
 - Level 2.2 Dodging


You had 11 spell levels left.
You didn't know any spells.
Your spell library was empty.

Inventory:

Hand Weapons
 f - a +5 hand axe of flaming
 Y - a +1 war axe of freezing (weapon)
Armour
 c - a +2 cloak (worn)
 r - a +2 pair of gloves (worn)
 t - a +0 plate armour (worn)
 v - a +2 hat of willpower (worn)
Jewellery
 b - an amulet of guardian spirit
 e - a ring of protection from fire (left hand)
 k - a ring of ice
 l - a +4 ring of evasion (right hand)
 n - an amulet of the acrobat (around neck)
 q - a ring of willpower
Scrolls
 a - 4 scrolls of identify
 d - 6 scrolls of teleportation
Potions
 g - 3 potions of resistance
 i - 4 potions of might
 j - a potion of heal wounds
 m - a potion of haste
 o - 2 potions of cancellation
 p - a potion of mutation
 s - a potion of curing

Dungeon Overview and Level Annotations

Branches:
Dungeon (9/15)             Temple (0/1) D:7            Lair (4/5) D:9
  Swamp (0/4) Lair:2        Snake (0/4) Lair:3
  Slime: Lair:4-5       Orc: D:9-12

Altars:
Gozag
Hepliaklqana
Makhleb
Okawaru
Qazlal
Sif Muna
Trog
Xom
Zin
The Shining One

Shops:
D:3 (

Annotations:
D:7 2 transporters, qw's ghost, novice GrBe
D:9 2 runed translucent doors


Message History

A water moccasin comes into view.
The two-headed hydra bites you but does no damage. x2
The boulder beetle bites you! The water moccasin bites you.
You chop one of the two-headed hydra's heads off!
The flame cauterises the wound!
You slash the one-headed hydra! You burn the one-headed hydra.
The one-headed hydra is almost dead.
You hit the water moccasin. You burn the water moccasin.
You hit the boulder beetle. You burn the boulder beetle.
The water moccasin barely misses you. The one-headed hydra bites you.
The boulder beetle closely misses you.
You hit the one-headed hydra. You burn the one-headed hydra.
The one-headed hydra is almost dead.
You closely miss the water moccasin.
You hit the boulder beetle but do no damage.
The water moccasin bites you. The black mamba bites you.
The one-headed hydra bites you but does no damage.
You chop the one-headed hydra's last head off!
You kill the one-headed hydra!
Trog accepts your kill.
You slash the boulder beetle! You burn the boulder beetle.
You hit the water moccasin. You burn the water moccasin.
You hit the black mamba. You burn the black mamba.
The water moccasin bites you but does no damage.
The black mamba bites you but does no damage.
The boulder beetle bites you but does no damage.
The water moccasin barely misses you.
16649 ||| SWAPPING to +1 war axe of freezing.
Your +5 hand axe of flaming stops flaming.
Your +1 war axe of freezing glows with a cold blue light!
Y - a +1 war axe of freezing (weapon)
The black mamba bites you! The boulder beetle closely misses you.
The black mamba closely misses you.
The death yak gores you but does no damage.
16650 ||| READING 7 scrolls of teleportation.
As you read the scroll of teleportation, it crumbles to dust.
You feel strangely unstable.
The water moccasin bites you but does no damage.
The black mamba bites you!
You die...

##...P.........#
##..P#......#..#
#....#....(## .
#P...#....(# ..
##...#...%#.# ...
###...$...####!...
#...........r(....
#.......)..SBrY.8..
#..........@YYS....
##..........Sr....#
###........#r(...#
........(P##+...#
.(.((..(..## ...#
..........# ..
.......## # .....#


You could see 3 death yaks, a boulder beetle, a black mamba, 2 water moccasins
and 4 hell rats.

Vanquished Creatures
  Gastronok (Lair:2)
  Erolcha (D:9)
  A catoblepas (Lair:3)
  A hydra (Lair:4)
  2 two-headed ogres
  Urug (Lair:3)
  A lindwurm (Lair:4)
  Pikel (D:8)
  Joseph (D:8)
  A black mamba (Lair:2)
  6 cane toads
  A rime drake (Lair:3)
  3 komodo dragons
  A polar bear (Lair:1)
  Prince Ribbit (D:9)
  4 blink frogs (Lair:4)
  7 wyverns
  A wraith (D:6)
  A basilisk (Lair:3)
  29 yaks
  2 steam dragons
  2 nagas (Lair:3)
  An acid dragon (D:9)
  5 water moccasins
  A sky beast (D:6)
  3 orc warriors (D:9)
  5 ice beasts
  6 black bears
  3 wolves (Lair:2)
  An ogre (D:6)
  3 centaurs
  A lemure (D:8)
  A phantom (D:4)
  3 kobold brigands
  2 necrophages (D:6)
  17 bullfrogs
  2 scorpions
  2 wights (D:6)
  8 killer bees (D:9)
  An electric eel (Lair:3)
  7 howler monkeys
  4 hounds
  3 jellies
  2 gnoll boudas
  8 orc priests
  6 iguanas
  7 orc wizards
  2 hell rats (Lair:4)
  12 gnolls
  6 adders
  2 white imps
  2 ufetubi
  2 worms (D:2)
  A dart slug (D:3)
  35 orcs
  3 ball pythons
  4 bats
  7 endoplasms
  5 giant cockroaches
  9 goblins
  11 hobgoblins
  7 jackals
  2 quokkas
  5 frilled lizards
  22 kobolds
  A rat (D:1)
309 creatures vanquished.

Vanquished Creatures (collateral kills)
  A hell rat (Lair:4)
1 creature vanquished.

Vanquished Creatures (others)
  An orc wizard (D:4)
  53 fungi
  59 plants
113 creatures vanquished.

Grand Total: 423 creatures vanquished

Notes
Turn   | Place    | Note
-------+----------+-------------------------------------------
     0 | D:1      | qw the Gargoyle Berserker began the quest for the Orb.
     0 | D:1      | Reached XP level 1. HP: 14/14 MP: 1/1
     0 | D:1      | 0 ||| qw: Version: 0.1-a-104-g96f76f8
     0 | D:1      | 0 ||| qw: Game counter: 5956
     0 | D:1      | 0 ||| qw: Always use a shield: true
     0 | D:1      | 0 ||| qw: Do Orc after D:15 true
     0 | D:1      | 0 ||| qw: Do second Lair branch before Depths: true
     0 | D:1      | 0 ||| qw: Lair rune preference: random
     0 | D:1      | 0 ||| qw: Plans: Normal
     0 | D:1      | 0 ||| PLANNING D:1-11
    78 | D:1      | 78 ||| Stepping ~*~*~tactically~*~*~ (stealth).
    80 | D:1      | 80 ||| Stepping ~*~*~tactically~*~*~ (stealth).
    84 | D:1      | Reached skill level 3 in Axes
   174 | D:1      | Reached XP level 2. HP: 19/19 MP: 2/2
   181 | D:1      | 181 ||| Stepping ~*~*~tactically~*~*~ (stealth).
   192 | D:1      | 192 ||| Stepping ~*~*~tactically~*~*~ (stealth).
   481 | D:1      | Found a faded altar of an unknown god.
   585 | D:1      | 585 ||| Stepping ~*~*~tactically~*~*~ (stealth).
   902 | D:1      | Reached XP level 3. HP: 23/23 MP: 3/3
  1073 | D:1      | 1073 ||| UPGRADING to +0 ring mail.
  1083 | D:1      | 1083 ||| DROPPING +0 animal skin.
  1084 | D:1      | 1084 ||| UPGRADING to ring of protection from fire.
  1085 | D:1      | 1085 ||| READING scroll labelled WUJAETHR XENERCH.
  1086 | D:1      | 1086 ||| READING scroll labelled LATHEW CADU.
  1087 | D:1      | 1087 ||| READING scroll labelled ZIECEPHOPNY.
  1215 | D:2      | 1215 ||| Stepping ~*~*~tactically~*~*~ (stealth).
  1218 | D:2      | 1218 ||| Stepping ~*~*~tactically~*~*~ (stealth).
  1219 | D:2      | 1219 ||| Stepping ~*~*~tactically~*~*~ (stealth).
  1221 | D:2      | 1221 ||| Stepping ~*~*~tactically~*~*~ (stealth).
  1225 | D:2      | 1225 ||| Stepping ~*~*~tactically~*~*~ (stealth).
  1226 | D:2      | 1226 ||| Stepping ~*~*~tactically~*~*~ (stealth).
  1362 | D:2      | 1362 ||| Stepping ~*~*~tactically~*~*~ (stealth).
  1364 | D:2      | 1364 ||| Stepping ~*~*~tactically~*~*~ (stealth).
  1366 | D:2      | 1366 ||| Stepping ~*~*~tactically~*~*~ (stealth).
  1368 | D:2      | 1368 ||| Stepping ~*~*~tactically~*~*~ (stealth).
  1390 | D:2      | Reached skill level 4 in Axes
  1403 | D:2      | Reached ** piety under Trog
  1432 | D:2      | 1432 ||| FLEEEEING.
  1433 | D:2      | 1433 ||| FLEEEEING.
  1434 | D:2      | 1434 ||| FLEEEEING.
  1435 | D:2      | 1435 ||| FLEEEEING.
  1436 | D:2      | 1436 ||| FLEEEEING.
  1440 | D:2      | 1440 ||| FLEEEEING.
  1457 | D:2      | 1457 ||| FLEEEEING.
  1489 | D:2      | 1489 ||| INVOKING Berserk.
  1494 | D:2      | Reached XP level 4. HP: 28/28 MP: 4/4
  1683 | D:2      | 1683 ||| Stepping ~*~*~tactically~*~*~ (hiding).
  1684 | D:2      | 1684 ||| INVOKING Berserk.
  1685 | D:2      | 1685 ||| INVOKING Berserk.
  1786 | D:2      | 1786 ||| DROPPING +0 club.
  1787 | D:2      | 1787 ||| DROPPING +0 whip.
  1957 | D:2      | 1957 ||| SWAPPING to +2 hand axe of flaming.
  1958 | D:2      | 1958 ||| DROPPING +0 flail.
  1959 | D:2      | 1959 ||| DROPPING +1 hand axe.
  2075 | D:2      | Reached skill level 5 in Axes
  2090 | D:2      | Reached XP level 5. HP: 30/32 MP: 5/5
  2357 | D:2      | 2357 ||| UPGRADING to +0 pair of gloves.
  2362 | D:2      | 2362 ||| READING scroll labelled PARCHU PYUVA.
  2363 | D:2      | 2363 ||| READING scroll labelled CORIKHL WEUQAZA.
  2364 | D:2      | 2364 ||| READING scroll labelled GECIOM OHUNOTE.
  2365 | D:2      | 2365 ||| READING 2 scrolls of identify.
  2365 | D:2      | 2365 ||| IDENTIFYING fizzy red potion
  2366 | D:2      | 2366 ||| DROPPING potion of magic.
  2497 | D:3      | 2497 ||| Stepping ~*~*~tactically~*~*~ (stealth).
  2506 | D:3      | 2506 ||| Stepping ~*~*~tactically~*~*~ (stealth).
  2517 | D:3      | 2517 ||| Stepping ~*~*~tactically~*~*~ (hiding).
  2523 | D:3      | 2523 ||| INVOKING Berserk.
  2782 | D:3      | Found Quaw's Weapon Boutique.
  3227 | D:3      | 3227 ||| INVOKING Berserk.
  3230 | D:3      | Found an iron altar of Okawaru.
  3399 | D:3      | Found an opulent altar of Gozag.
  3530 | D:3      | 3530 ||| UPGRADING to +0 scale mail.
  3540 | D:3      | 3540 ||| DROPPING +0 ring mail.
  3541 | D:3      | 3541 ||| UPGRADING to amulet of the acrobat.
  3546 | D:3      | 3546 ||| READING 2 scrolls labelled BAOSUA OTEO.
  3551 | D:3      | 3551 ||| READING scroll labelled USHRAE XEDAGGANT.
  3552 | D:3      | 3552 ||| READING scroll labelled XAESKU WUPPIOS.
  3553 | D:3      | 3553 ||| READING scroll labelled VOCADUN FEONIHECA.
  3554 | D:3      | 3554 ||| READING scroll labelled RAJ AV FIGOFF.
  3555 | D:3      | 3555 ||| DRINKING 2 yellow potions.
  3556 | D:3      | 3556 ||| READING 2 scrolls of identify.
  3556 | D:3      | 3556 ||| IDENTIFYING blue potion
  3557 | D:3      | 3557 ||| DROPPING potion of brilliance.
  3623 | D:4      | Found a glowing golden altar of the Shining One.
  3632 | D:4      | Reached XP level 6. HP: 33/38 MP: 6/6
  3717 | D:4      | Found a hazy altar of Hepliaklqana.
  3719 | D:4      | 3719 ||| INVOKING Berserk.
  3724 | D:4      | Reached skill level 6 in Axes
  3844 | D:4      | 3844 ||| Stepping ~*~*~tactically~*~*~ (stealth).
  3853 | D:4      | Identified the +9 eveningstar "Zalimmey" {venom, Int+7
                  | Dex-3}
  3882 | D:4      | 3882 ||| INVOKING Berserk.
  3999 | D:4      | Reached *** piety under Trog
  4009 | D:4      | 4009 ||| Stepping ~*~*~tactically~*~*~ (stealth).
  4019 | D:4      | 4019 ||| Stepping ~*~*~tactically~*~*~ (hiding).
  4023 | D:4      | 4023 ||| Stepping ~*~*~tactically~*~*~ (stealth).
  4025 | D:4      | 4025 ||| INVOKING Berserk.
  4037 | D:4      | 4037 ||| DRINKING potion of curing.
  4037 | D:4      | 4037 ||| (to cure confusion)
  4047 | D:4      | 4047 ||| Stepping ~*~*~tactically~*~*~ (stealth).
  4069 | D:4      | Reached XP level 7. HP: 24/43 MP: 7/7
  4107 | D:4      | 4107 ||| Stepping ~*~*~tactically~*~*~ (stealth).
  4222 | D:4      | 4222 ||| Stepping ~*~*~tactically~*~*~ (stealth).
  4241 | D:4      | Reached skill level 7 in Axes
  4267 | D:4      | 4267 ||| INVOKING Berserk.
  4298 | D:4      | 4298 ||| Stepping ~*~*~tactically~*~*~ (stealth).
  4374 | D:4      | 4374 ||| READING scroll of enchant weapon.
  4374 | D:4      | 4374 ||| ENCHANTING +2 hand axe of flaming.
  4401 | D:4      | 4401 ||| INVOKING Berserk.
  4668 | D:4      | 4668 ||| READING scroll of enchant weapon.
  4668 | D:4      | 4668 ||| ENCHANTING +3 hand axe of flaming.
  4669 | D:4      | Found a shimmering altar of Xom.
  4754 | D:4      | Identified the +1 whip of Patterns {speed, rElec rN++}
  5015 | D:4      | 5015 ||| DROPPING orb of guile.
  5016 | D:4      | 5016 ||| READING scroll labelled YFA GIDGHEYNE.
  5017 | D:4      | 5017 ||| DRINKING 2 sapphire potions.
  5048 | D:5      | Entered Level 5 of the Dungeon
  5087 | D:5      | 5087 ||| Stepping ~*~*~tactically~*~*~ (hiding).
  5091 | D:5      | Reached skill level 1 in Throwing
  5091 | D:5      | 5091 ||| INVOKING Berserk.
  5307 | D:5      | 5307 ||| READING scroll of enchant weapon.
  5307 | D:5      | 5307 ||| ENCHANTING +4 hand axe of flaming.
  5335 | D:5      | 5335 ||| SWAPPING to +0 war axe.
  5336 | D:5      | 5336 ||| Stepping ~*~*~tactically~*~*~ (stealth).
  5381 | D:5      | 5381 ||| INVOKING Berserk.
  5633 | D:5      | 5633 ||| READING scroll of enchant weapon.
  5633 | D:5      | 5633 ||| ENCHANTING +0 war axe.
  5679 | D:5      | Found a shimmering blue altar of Sif Muna.
  5828 | D:5      | 5828 ||| UPGRADING to +4 ring of evasion.
  5829 | D:5      | 5829 ||| READING scroll labelled LADUWK RUAFUUXT.
  5830 | D:5      | 5830 ||| READING 3 scrolls of identify.
  5830 | D:5      | 5830 ||| IDENTIFYING metallic inky potion
  5831 | D:5      | 5831 ||| READING 2 scrolls of identify.
  5831 | D:5      | 5831 ||| IDENTIFYING brown potion
  5883 | D:6      | 5883 ||| Stepping ~*~*~tactically~*~*~ (hiding).
  5895 | D:6      | Reached XP level 8. HP: 48/49 MP: 8/8
  5945 | D:6      | 5945 ||| READING scroll of enchant armour.
  5945 | D:6      | 5945 ||| ENCHANTING +0 pair of gloves.
  6020 | D:6      | 6020 ||| Stepping ~*~*~tactically~*~*~ (stealth).
  6025 | D:6      | 6025 ||| Stepping ~*~*~tactically~*~*~ (stealth).
  6039 | D:6      | Reached skill level 8 in Axes
  6040 | D:6      | 6040 ||| Stepping ~*~*~tactically~*~*~ (stealth).
  6049 | D:6      | 6049 ||| INVOKING Berserk.
  6052 | D:6      | Reached skill level 6 in Fighting
  6055 | D:6      | Reached skill level 3 in Armour
  6112 | D:6      | 6112 ||| Stepping ~*~*~tactically~*~*~ (stealth).
  6113 | D:6      | 6113 ||| Stepping ~*~*~tactically~*~*~ (stealth).
  6191 | D:6      | 6191 ||| INVOKING Berserk.
  6277 | D:6      | Noticed a wraith
  6278 | D:6      | 6278 ||| Stepping ~*~*~tactically~*~*~ (stealth).
  6289 | D:6      | Killed a wraith
  6290 | D:6      | Reached skill level 9 in Axes
  6636 | D:6      | Reached XP level 9. HP: 55/56 MP: 9/9
  6636 | D:6      | Reached **** piety under Trog
  6660 | D:6      | 6660 ||| Stepping ~*~*~tactically~*~*~ (stealth).
  6661 | D:6      | 6661 ||| Stepping ~*~*~tactically~*~*~ (stealth).
  6664 | D:6      | 6664 ||| Stepping ~*~*~tactically~*~*~ (stealth).
  6807 | D:6      | 6807 ||| INVOKING Berserk.
  7078 | D:6      | 7078 ||| Stepping ~*~*~tactically~*~*~ (stealth).
  7544 | D:6      | 7544 ||| UPGRADING to +0 chain mail.
  7554 | D:6      | 7554 ||| DROPPING +0 scale mail.
  7555 | D:6      | 7555 ||| READING scroll labelled URGHAO WIXAXZISM.
  7556 | D:6      | 7556 ||| READING 4 scrolls of identify.
  7556 | D:6      | 7556 ||| IDENTIFYING silvery potion
  7557 | D:6      | 7557 ||| READING 3 scrolls of identify.
  7557 | D:6      | 7557 ||| IDENTIFYING emerald potion
  7558 | D:6      | 7558 ||| DROPPING potion of invisibility.
  7644 | D:7      | 7644 ||| Stepping ~*~*~tactically~*~*~ (hiding).
  7649 | D:7      | 7649 ||| INVOKING Berserk.
  7892 | D:7      | Noticed qw's ghost (novice GrBe)
  7918 | D:7      | Found a transporter.
  7924 | D:7      | Found a bloodstained altar of Trog.
  7924 | D:7      | Noticed a moth of wrath
  7935 | D:7      | Found a transporter.
  7944 | D:7      | 7944 ||| INVOKING Berserk.
  7958 | D:7      | Reached skill level 10 in Axes
  8094 | D:7      | 8094 ||| Stepping ~*~*~tactically~*~*~ (stealth).
  8266 | D:7      | Found a stormy altar of Qazlal.
  8373 | D:7      | Found a staircase to the Ecumenical Temple.
  8415 | D:7      | 8415 ||| Stepping ~*~*~tactically~*~*~ (stealth).
  8417 | D:7      | 8417 ||| Stepping ~*~*~tactically~*~*~ (hiding).
  8419 | D:7      | 8419 ||| Stepping ~*~*~tactically~*~*~ (hiding).
  8647 | D:7      | 8647 ||| UPGRADING to +2 cloak.
  8652 | D:7      | 8652 ||| READING 2 scrolls of identify.
  8652 | D:7      | 8652 ||| IDENTIFYING bubbling sapphire potion
  8653 | D:7      | 8653 ||| DROPPING potion of degeneration.
  8715 | D:8      | 8715 ||| Stepping ~*~*~tactically~*~*~ (stealth).
  8719 | D:8      | 8719 ||| Stepping ~*~*~tactically~*~*~ (stealth).
  8722 | D:8      | 8722 ||| STAIRDANCE
  8749 | D:8      | 8749 ||| STAIRDANCE
  8759 | D:7      | Reached skill level 6 in Armour
  8759 | D:7      | Reached XP level 10. HP: 58/64 MP: 10/10
  8791 | D:8      | 8791 ||| STAIRDANCE
  8881 | D:8      | 8881 ||| STAIRDANCE
  8994 | D:8      | 8994 ||| Stepping ~*~*~tactically~*~*~ (hiding).
  8995 | D:8      | 8995 ||| Stepping ~*~*~tactically~*~*~ (hiding).
  9054 | D:8      | Found a burning altar of Makhleb.
  9096 | D:8      | Noticed Pikel
  9106 | D:8      | Killed Pikel
  9107 | D:8      | Reached skill level 3 in Throwing
  9114 | D:8      | Noticed Joseph
  9115 | D:8      | 9115 ||| Stepping ~*~*~tactically~*~*~ (stealth).
  9129 | D:8      | Killed Joseph
  9257 | D:8      | Noticed a two-headed ogre
  9261 | D:8      | 9261 ||| INVOKING Berserk.
  9263 | D:8      | Killed a two-headed ogre
  9264 | D:8      | Reached skill level 11 in Axes
  9672 | D:8      | Found a glowing silver altar of Zin.
  9746 | D:8      | 9746 ||| UPGRADING to +0 helmet.
  9751 | D:8      | 9751 ||| READING scroll labelled DUYCRYDEUSOE.
  9844 | D:9      | 9844 ||| INVOKING Berserk.
 10073 | D:9      | 10073 ||| Stepping ~*~*~tactically~*~*~ (stealth).
 10082 | D:9      | 10082 ||| INVOKING Berserk.
 10084 | D:9      | Reached skill level 9 in Fighting
 10090 | D:9      | Found a staircase to the Lair.
 10136 | D:9      | 10136 ||| FLEEEEING.
 10137 | D:9      | 10137 ||| FLEEEEING.
 10138 | D:9      | 10138 ||| FLEEEEING.
 10205 | D:9      | 10205 ||| Stepping ~*~*~tactically~*~*~ (stealth).
 10287 | D:9      | Noticed a two-headed ogre
 10288 | D:9      | 10288 ||| Stepping ~*~*~tactically~*~*~ (stealth).
 10296 | D:9      | 10296 ||| INVOKING Berserk.
 10298 | D:9      | Reached XP level 11. HP: 71/71 MP: 11/11
 10302 | D:9      | Killed a two-headed ogre
 10303 | D:9      | Reached skill level 12 in Axes
 10547 | D:9      | Noticed Erolcha
 10549 | D:9      | 10549 ||| Stepping ~*~*~tactically~*~*~ (hiding).
 10550 | D:9      | 10550 ||| Stepping ~*~*~tactically~*~*~ (hiding).
 10551 | D:9      | 10551 ||| Stepping ~*~*~tactically~*~*~ (stealth).
 10553 | D:9      | 10553 ||| INVOKING Trog's Hand.
 10554 | D:9      | 10554 ||| INVOKING Berserk.
 10568 | D:9      | Killed Erolcha
 10798 | D:9      | Noticed Prince Ribbit
 10825 | D:9      | Killed Prince Ribbit
 10949 | D:9      | Found a large runed translucent door.
 10950 | D:9      | Found a large runed translucent door.
 11011 | D:9      | 11011 ||| Stepping ~*~*~tactically~*~*~ (stealth).
 11034 | D:9      | 11034 ||| Stepping ~*~*~tactically~*~*~ (stealth).
 11035 | D:9      | 11035 ||| Stepping ~*~*~tactically~*~*~ (stealth).
 11070 | D:9      | 11070 ||| Stepping ~*~*~tactically~*~*~ (hiding).
 11072 | D:9      | 11072 ||| INVOKING Berserk.
 11424 | D:9      | 11424 ||| Stepping ~*~*~tactically~*~*~ (hiding).
 11426 | D:9      | 11426 ||| Stepping ~*~*~tactically~*~*~ (stealth).
 11428 | D:9      | 11428 ||| INVOKING Berserk.
 11779 | D:9      | 11779 ||| UPGRADING to +0 plate armour.
 11789 | D:9      | 11789 ||| PLANNING LAIR
 11789 | D:9      | 11789 ||| DROPPING +0 chain mail.
 11790 | D:9      | 11790 ||| DRINKING 2 clear potions.
 11791 | D:9      | 11791 ||| DROPPING potion of attraction.
 11846 | Lair:1   | Entered Level 1 of the Lair of Beasts
 11928 | Lair:1   | Reached ***** piety under Trog
 12005 | Lair:1   | 12005 ||| Stepping ~*~*~tactically~*~*~ (stealth).
 12107 | Lair:1   | 12107 ||| INVOKING Berserk.
 12116 | Lair:1   | Reached skill level 9 in Armour
 12243 | Lair:1   | 12243 ||| Stepping ~*~*~tactically~*~*~ (stealth).
 12244 | Lair:1   | 12244 ||| Stepping ~*~*~tactically~*~*~ (stealth).
 12247 | Lair:1   | 12247 ||| Stepping ~*~*~tactically~*~*~ (stealth).
 12255 | Lair:1   | 12255 ||| INVOKING Berserk.
 12597 | Lair:1   | 12597 ||| INVOKING Berserk.
 12714 | Lair:1   | Identified the +8 mace "Nysona" {drain, *Noise rCorr Str+3
                  | Dex+2}
 13147 | Lair:1   | 13147 ||| READING 3 scrolls of identify.
 13147 | Lair:1   | 13147 ||| IDENTIFYING golden potion
 13148 | Lair:1   | 13148 ||| DROPPING potion of berserk rage.
 13180 | Lair:2   | 13180 ||| STAIRDANCE
 13335 | Lair:2   | Found a staircase to the Swamp.
 13342 | Lair:2   | 13342 ||| INVOKING Berserk.
 13348 | Lair:2   | Reached skill level 13 in Axes
 13479 | Lair:2   | 13479 ||| INVOKING Berserk.
 13487 | Lair:2   | Reached XP level 12. HP: 77/77 MP: 12/12
 13539 | Lair:2   | 13539 ||| FLEEEEING.
 13540 | Lair:2   | 13540 ||| FLEEEEING.
 13541 | Lair:2   | 13541 ||| FLEEEEING.
 13542 | Lair:2   | 13542 ||| FLEEEEING.
 13543 | Lair:2   | 13543 ||| STAIRDANCE
 13579 | Lair:1   | 13579 ||| READING scroll labelled HAOLOL OCKIH.
 13682 | Lair:2   | 13682 ||| STAIRDANCE
 13706 | Lair:2   | 13706 ||| STAIRDANCE
 13875 | Lair:2   | 13875 ||| INVOKING Berserk.
 14077 | Lair:2   | 14077 ||| Stepping ~*~*~tactically~*~*~ (stealth).
 14089 | Lair:2   | 14089 ||| Stepping ~*~*~tactically~*~*~ (stealth).
 14098 | Lair:2   | 14098 ||| INVOKING Berserk.
 14361 | Lair:2   | 14361 ||| INVOKING Berserk.
 14472 | Lair:2   | Noticed Gastronok
 14477 | Lair:2   | 14477 ||| INVOKING Berserk.
 14485 | Lair:2   | Killed Gastronok
 14657 | Lair:2   | 14657 ||| Stepping ~*~*~tactically~*~*~ (stealth).
 15040 | Lair:2   | 15040 ||| UPGRADING to +2 hat of willpower.
 15050 | Lair:2   | 15050 ||| DROPPING +0 helmet.
 15051 | Lair:2   | 15051 ||| READING 4 scrolls of identify.
 15051 | Lair:2   | 15051 ||| IDENTIFYING pink potion
 15052 | Lair:2   | 15052 ||| READING 3 scrolls of identify.
 15052 | Lair:2   | 15052 ||| IDENTIFYING glowing black potion
 15053 | Lair:2   | 15053 ||| DROPPING potion of ambrosia.
 15054 | Lair:2   | 15054 ||| DROPPING potion of lignification.
 15071 | Lair:3   | 15071 ||| Stepping ~*~*~tactically~*~*~ (hiding).
 15188 | Lair:3   | Reached skill level 14 in Axes
 15327 | Lair:3   | Identified the +1 robe "Waompyf" {rC++ rN+ Regen+ Str-5}
 15378 | Lair:3   | Noticed Urug
 15383 | Lair:3   | 15383 ||| INVOKING Berserk.
 15393 | Lair:3   | Killed Urug
 15516 | Lair:3   | 15516 ||| INVOKING Berserk.
 15592 | Lair:3   | Noticed a catoblepas
 15593 | Lair:3   | 15593 ||| Stepping ~*~*~tactically~*~*~ (hiding).
 15597 | Lair:3   | 15597 ||| INVOKING Berserk.
 15603 | Lair:3   | Killed a catoblepas
 15898 | Lair:3   | 15898 ||| Stepping ~*~*~tactically~*~*~ (hiding).
 15899 | Lair:3   | 15899 ||| Stepping ~*~*~tactically~*~*~ (hiding).
 15906 | Lair:3   | Found a staircase to the Snake Pit.
 16018 | Lair:3   | 16018 ||| Stepping ~*~*~tactically~*~*~ (stealth).
 16369 | Lair:3   | 16369 ||| UPGRADING to +2 pair of gloves.
 16379 | Lair:3   | 16379 ||| DROPPING +1 pair of gloves.
 16380 | Lair:3   | 16380 ||| READING 5 scrolls of identify.
 16380 | Lair:3   | 16380 ||| IDENTIFYING fuming emerald potion
 16406 | Lair:4   | 16406 ||| STAIRDANCE
 16458 | Lair:4   | 16458 ||| INVOKING Berserk.
 16587 | Lair:4   | 16587 ||| Stepping ~*~*~tactically~*~*~ (stealth).
 16588 | Lair:4   | 16588 ||| Stepping ~*~*~tactically~*~*~ (stealth).
 16589 | Lair:4   | 16589 ||| INVOKING Berserk.
 16626 | Lair:4   | 16626 ||| INVOKING Berserk.
 16633 | Lair:4   | Noticed a boulder beetle
 16635 | Lair:4   | Noticed a six-headed hydra
 16636 | Lair:4   | 16636 ||| INVOKING Brothers in Arms.
 16639 | Lair:4   | 16639 ||| SWAPPING to +5 hand axe of flaming.
 16639 | Lair:4   | Noticed a death yak
 16640 | Lair:4   | Noticed a death yak
 16643 | Lair:4   | Noticed a death yak
 16648 | Lair:4   | Killed a one-headed hydra
 16649 | Lair:4   | 16649 ||| SWAPPING to +1 war axe of freezing.
 16649 | Lair:4   | HP: 10/80 [black mamba (13)]
 16650 | Lair:4   | 16650 ||| READING 7 scrolls of teleportation.
 16650 | Lair:4   | Slain by a black mamba

Levels and vault maps discovered:
D:1:      amcnicky_arrival_underground_garden, layout_loops_cross,
          hellmonk_ecumenical_altar_inner_sanctum
D:2:      layout_loops_corners, serial_park_tiny_pond,
          minmay_randomly_rotated_circles
D:3:      layout_basic, nicolae_gozag_seed_capital, okawaru_altar_gauntlet_db,
          serial_shops, nicolae_shop_hallway_plus
D:4:      layout_basic, nicolae_overflow_hidden_temple,
          mainiacjoe_overflow_concentric_impassable,
          mainiacjoe_overflow_24_doors, grunt_decor_mini_mirrors,
          minmay_mini_jars
D:5:      layout_cave_pools, nicolae_sif_muna_little_library
D:6:      layout_layer_cave, nzn_random_ring
D:7:      layout_loops_ring, minmay_temple_entry_antechambers,
          gammafunk_ghost_wrathful_warriors, minmay_ruined_shrine
D:8:      layout_loops_ring, kennysheep_mini_moat, lemuel_crystal_altar,
          uniq_joseph, uniq_pikel
D:9:      layout_loops_corners, jmf_multi_god_temple2,
          due_lair_maze_entry_diamond, uniq_erolcha, uniq_prince_ribbit1
Lair:1:   layout_cave_pods, minmay_hedge_maze, chequers_serial_rivers_room_b,
          beast_lair_carwin_2, lemuel_fruit_fields
Lair:2:   layout_gridlike, swamp_mist, uniq_gastronok
Lair:3:   layout_regular_city, guppyfry_snake_entry_garden,
          nicolae_quartered_pool_super, minivault_26, uniq_urug
Lair:4:   layout_layer_cave, slime_entry_1, disabler_island, lemuel_fruit_tree,
          infiniplex_staircase_pool, grunt_megastairs_3

Skill      XL: |  1  2  3  4  5  6  7  8  9 10 11 12 |
---------------+-------------------------------------+-----
Axes           | 3 4 5 6 7 9 10 11 13 14 | 14.7
Fighting       | 4 5 6 8 9 10 11 | 11.3
Throwing       | 1 3 4 |  4.3
Armour         | 3 6 7 9 10 | 10.0
Dodging        | 2 |  2.2

Action                   |  1- 3 |  4- 6 |  7- 9 | 10-12 || total
-------------------------+-------+-------+-------+-------++-------
Melee: Hand axe          |   111 |   169 |    39 |     9 ||   328
       Punch             |       |     1 |     1 |     8 ||    10
       War axe           |       |       |   207 |   489 ||   696
Throw: Boomerang         |       |    12 |    54 |       ||    66
       Javelin           |       |       |       |    65 ||    65
Invok: Berserk           |     1 |     6 |     9 |    22 ||    38
       Trog's Hand       |       |       |       |     1 ||     1
       Brothers in Arms  |       |       |       |     1 ||     1
  Use: Scroll            |     3 |    10 |    13 |     7 ||    33
       Potion            |       |     2 |     1 |     1 ||     4
Armor: Animal skin       |    26 |       |       |       ||    26
       Ring mail         |    13 |    32 |       |       ||    45
       Scale mail        |       |    30 |    65 |       ||    95
       Chain mail        |       |       |    37 |    91 ||   128
       Plate armour      |       |       |       |   125 ||   125
Dodge: Dodged            |    53 |    87 |   143 |   260 ||   543

Table legend:
 A = Non-vault XP
 B = Vault XP
 C = Vault XP percentage of total XP
 D = Non-vault monster count
 E = Vault monster count
 F = Vault count percentage of total count
                 A         B        C        D         E       F
            +---------+---------+-------+---------+---------+-------
      Total |   22179 |    9285 |  29.5 |     238 |      72 |  23.2
            +---------+---------+-------+---------+---------+-------
        D:1 |      36 |       0 |   0.0 |      23 |       0 |   0.0
        D:2 |     100 |      39 |  28.1 |      19 |       6 |  24.0
        D:3 |     111 |      26 |  19.0 |      18 |       6 |  25.0
        D:4 |     390 |     205 |  34.5 |      27 |      10 |  27.0
        D:5 |     249 |       0 |   0.0 |      12 |       0 |   0.0
        D:6 |     943 |    1064 |  53.0 |      22 |      17 |  43.6
        D:7 |    1236 |     500 |  28.8 |      15 |       7 |  31.8
        D:8 |    1597 |    1082 |  40.4 |      11 |       2 |  15.4
        D:9 |    3708 |    2419 |  39.5 |      34 |      12 |  26.1
     Lair:1 |    2362 |     353 |  13.0 |      10 |       4 |  28.6
     Lair:2 |    5992 |    1455 |  19.5 |      27 |       1 |   3.6
     Lair:3 |    2860 |    1116 |  28.1 |      10 |       3 |  23.1
     Lair:4 |    2595 |    1026 |  28.3 |      10 |       4 |  28.6
            +---------+---------+-------+---------+---------+-------
